 Dungeon Crawl Stone Soup version 0.18-a0-1027-g814d7dd (webtiles) character file.

12948347 JokEr the Conqueror (level 27, 139/139 HPs)
             Began as a Gargoyle Fighter on Jan 8, 2016.
             Was a High Priest of the Shining One.
             Escaped with the Orb
             ... and 15 runes on Jan 9, 2016!
             The game lasted 06:45:53 (125913 turns).

JokEr the Conqueror (Gargoyle Fighter)            Turns: 125913, Time: 06:45:54

Health: 139/139    AC: 64    Str: 34      XL:     27
Magic:  37/37      EV: 30    Int:  3 (4)  God:    the Shining One [*****.]
Gold:   15616      SH: 29    Dex: 18      Spells: 0 memorised, 26 levels left

rFire  + + +     SeeInvis .     B - +9 sacred scourge (holy)
rCold  + . .     Gourm    .     z - +11 gold dragon armour
rNeg   + + +     Faith    .     v - +0 large shield {rF+}
rPois  ∞         Spirit   +     s - +2 hat of Kikubaaqudgha's Esteem {rF++ Int-4}
rElec  +         Dismiss  .     n - +1 cloak {+Inv}
rCorr  .         Reflect  .     Y - +2 pair of gloves {Str+3}
SustAt .         Harm     .     U - +0 pair of boots of Lies {Dex+4}
MR     ++...     Rnd*Rage +     F - amulet of the Eleven Suns {Spirit +Blink}
Stlth  +......... Rnd*Tele +    J - ring "Loojesm" {EV+4 Dex+2}
                                N - ring of Zymutt {rF+ MP+9 Str+4 Int+2 Dex+4}

@: flying, glowing, studying 2 skills, very resistant to hostile enchantments,
very unstealthy
A: big wings, berserk 2, blink, blurry vision 3, clumsy 2, deformed body,
deterioration 2, dopey 2, frail 3, low mp 3, negative energy resistance 1,
electricity resistance, teleportitis 1, weak 1, unbreathing, petrification
resistance, rot immunity, subdued magic 1, MP-powered wands, AC +20
a: Stop Flying, Blink, Divine Shield, Cleansing Flame, Summon Divine Warrior,
Renounce Religion, Evoke Blink, Evoke Invisibility
0: Orb of Zot
}: 15/15 runes: serpentine, barnacled, slimy, silver, golden, iron, obsidian,
icy, bone, abyssal, demonic, glowing, magical, fiery, dark


You escaped.
You worshipped the Shining One.
The Shining One was extremely pleased with you.
You were not hungry.

You visited 18 branches of the dungeon, and saw 93 of its levels.
You visited Pandemonium 1 time, and saw 27 of its levels.
You visited the Abyss 4 times.
You visited 1 ziggurat, and saw 12 of its levels.
You also visited: Labyrinth, Trove and Wizlab.

You collected 19393 gold pieces.
You spent 3777 gold pieces at shops.

Inventory:

Hand Weapons
 B - a +9 sacred scourge of holy wrath (weapon)
Armour
 d - the +15 Maxwell's patent armour {-Cast -Tele rElec MR+ rCorr}
   (You took it off an iron imp on level 7 of the Iron City of Dis)

   It insulates you from electricity.
   It affects your resistance to hostile enchantments.
   It prevents spellcasting.
   It prevents most forms of teleportation.
   It protects you from acid and corrosion.
 n - a +1 cloak of invisibility (worn)
 s - the +2 hat of Kikubaaqudgha's Esteem (worn) {rF++ Int-4}
   (You acquired it on level 1 of the Snake Pit)

   It affects your intelligence (-4).
   It greatly protects you from fire.
 v - a +0 large shield of fire resistance (worn)
 z - a +11 gold dragon armour (worn)
 U - the +0 pair of boots of Lies (worn) {Dex+4}
   (Okawaru gifted it to you on level 8 of the Lair of Beasts)

   It affects your dexterity (+4).
 Y - a +2 pair of gloves of strength (worn)
Jewellery
 r - a cursed ring of loudness {unknown}
 y - an uncursed ring of ice
 F - the amulet of the Eleven Suns (around neck) {Spirit +Blink}
   (You found it on level 3 of the Elven Halls)

   [amulet of guardian spirit]

   It causes incoming damage to be split between your health and magic.
   It lets you blink.
 J - the ring "Loojesm" (right hand) {EV+4 Dex+2}
   (You took it off a frost giant on level 5 of the Vaults)

   [ring of evasion]

   It affects your evasion (+4).
   It affects your dexterity (+2).
 N - the ring of Zymutt (left hand) {rF+ MP+9 Str+4 Int+2 Dex+4}
   (You found it on level 5 of the Vaults)

   [ring of intelligence]

   It affects your strength (+4).
   It affects your intelligence (+2).
   It affects your dexterity (+4).
   It protects you from fire.
   It affects your magic capacity (+9).
Wands
 o - a wand of heal wounds (0/9)
 t - a wand of digging (14/24)
 G - a wand of heal wounds (0/9)
 I - a wand of hasting (6/9)
 R - a wand of teleportation (9/9)
 T - a wand of heal wounds (2/9)
Scrolls
 a - 2 scrolls of recharging
 g - 40 scrolls of remove curse
 j - 13 scrolls of magic mapping
 k - 18 scrolls of identify
 q - 3 scrolls of silence
 u - 43 scrolls of teleportation
 x - 3 scrolls of blinking
 C - 13 scrolls of fog
 O - 11 scrolls of fear
 Q - 2 scrolls of brand weapon
 S - 16 scrolls of enchant weapon
Potions
 b - a potion of curing
 h - 10 potions of cancellation
 i - 3 potions of heal wounds
 p - 10 potions of brilliance
 A - a potion of haste
 K - 6 potions of berserk rage
 Z - 2 potions of magic
Books
 c - a manual of Necromancy
 e - a manual of Fire Magic
Miscellaneous
 l - the horn of Geryon
 D - a disc of storms
 H - a lamp of fire
 V - a fan of gales
Comestibles
 f - 14 bread rations
 m - 2 fruits
 w - 13 meat rations
 E - a beef jerky


   Skills:
 O Level 27 Fighting
 O Level 27 Maces & Flails
 O Level 27 Armour
 O Level 27 Dodging
 O Level 27 Stealth
 O Level 27 Shields
 + Level 23.6 Invocations
 O Level 27 Evocations


You had 26 spell levels left.
You didn't know any spells.

Dungeon Overview and Level Annotations

Branches:
Dungeon (15/15)            Temple (1/1) D:4            Lair (8/8) D:11
 Shoals (4/4) Lair:4        Snake (4/4) Lair:3        Slime (6/6) Lair:7
    Orc (2/2) D:10            Elf (3/3) Orc:2        Vaults (5/5) D:14
  Crypt (3/3) Vaults:2       Tomb (3/3) Crypt:3      Depths (5/5) D:15
   Hell (1/1)                 Dis (7/7) Hell            Geh (7/7) Hell
    Coc (7/7) Hell            Tar (7/7) Hell            Zot (5/5) Depths:5

Altars:
Ashenzari
Cheibriados
Dithmenos
Elyvilon
Fedhas
Gozag
Kikubaaqudgha
Makhleb
Nemelex Xobeh
Okawaru
Pakellas
Qazlal
Ru
Sif Muna
Trog
Vehumet
Xom
Yredelemnul
Zin
The Shining One
Beogh
Lugonu

Shops:
D:12 *   D:15 :(?   Orc:2 :*[(   Elf:2 ((:}   Elf:3 *   Shoals:4 [(
Vaults:1 (:   Vaults:3 [!   Vaults:5 }

Portals:
Hell: Lair:8 Depths:1 Depths:2 Depths:3 Depths:4 Depths:5
Abyss: Depths:2 Depths:3 Depths:4
Pandemonium: Depths:2 Depths:3


Innate Abilities, Weirdness & Mutations

You are resistant to torment.
Your stone body is resilient (AC +20).
You are immune to poison.
Your large and strong wings let you fly indefinitely.
You resist negative energy.
You are resistant to electric shocks.
You can survive without breathing.
You are immune to petrification.
You are immune to rotting.
You often lose your temper in combat.
You can translocate small distances at will.
Scrolls take you much longer to read.
You are very clumsy. (Dex -4)
Armour fits poorly on your strangely shaped body.
Your body often deteriorates upon taking damage.
You are very dopey. (Int -4)
You are extremely frail (-30% HP).
Your magical capacity is extremely low (-30% MP).
You are occasionally teleported next to monsters.
You are weak. (Str -2)
Your spells are a little easier to cast, but a little less powerful.
You expend magic power (3 MP) to strengthen your wands.


Message History

You hit the reaper but do no damage.
The reaper is heavily wounded.
You whack the reaper!
The reaper convulses!
The reaper is almost dead.
The reaper barely misses you.
You punish the reaper, causing immense pain!!!
You kill the reaper!
The Shining One accepts your kill.
No target in view!
No target in view!
No target in view!
No target in view!
No target in view!
No target in view!
No target in view!
No target in view!
No target in view!
Magic restored.
There is a staircase leading out of the dungeon here.
You have escaped!

#.........#
####....###
####.# #.#
#.# #.##
#..#
##.####
#...@#
######


There were no monsters in sight!

Vanquished Creatures
  Cerebov (Pan)
  Antaeus (Coc:7)
  the Royal Jelly (Slime:6)
  the Serpent of Hell (Geh:7)
  Mnoleg (Pan)
  Lom Lobon (Pan)
  23 pandemonium lords
  Dispater (Dis:7)
  6 ancient liches
  3 orbs of fire
  Khufu (Crypt:1)
  Mennas (Vaults:4)
  A juggernaut (Depths:5)
  38 greater mummies
  Sojobo (Vaults:4)
  7 shard shrikes
  6 iron giants (Dis:7)
  Norris (Depths:3)
  Saint Roka (Vaults:4)
  Vashnia (Snake:3)
  A Killer Klown (Zot:5)
  Geryon (Hell)
  A golden dragon (Zot:2)
  Xtahua (Depths:3)
  20 doom hounds
  2 electric golems (Zot:5)
  36 Brimstone Fiends
  21 tentacled monstrosities
  25 bone dragons
  A hellephant (Abyss:3)
  Jorgrun (Vaults:3)
  15 Ice Fiends
  18 Hell Sentinels
  15 liches
  18 titans
  30 Orb Guardians
  2 shard shrike skeletons (Crypt:2)
  15 deep elf blademasters
  7 deep elf master archers
  47 Shadow Fiends
  A quicksilver dragon (Vaults:5)
  The ghost of kak the Executioner, an adept MiBe of Trog (Vaults:2)
  27 acid blobs
  2 krakens (Shoals:3)
  6 eldritch tentacles
  14 tentacled starspawn
  12 ancient champions
  2 death cobs
  Gastronok (D:11)
  Kirke (Snake:3)
  32 Executioners
  7 storm dragons
  12 shadow dragons
  The ghost of Duffy the Fencer, an adept MiBe of Trog (Depths:3)
  Roxanne (Snake:4)
  12 sphinxes
  6 draconian monks
  9 greater nagas (Snake:4)
  11 azure jellies
  5 tengu reavers
  Ilsuiw (Shoals:4)
  Donald (Snake:3)
  21 fire giants
  5 revenants
  29 frost giants
  10 deep elf sorcerers
  3 ghost moths
  A daeva (Abyss:3)
  9 iron dragons
  Aizul (Snake:1)
  21 vault wardens
  3 orc warlords
  48 balrugs
  Louise (Depths:2)
  2 draconian scorchers
  10 corrupters (Pan)
  4 draconian knights
  5 curse skulls
  5 draconian shifters
  51 cacodemons
  5 ghouls
  76 reapers
  An emperor scorpion (Zig:6)
  A juggernaut zombie (Depths:3)
  2 spriggan defenders (Depths:4)
  3 draconian zealots
  8 deep elf elementalists
  10 warmongers (Pan)
  2 angels
  7 draconian annihilators
  A caustic shrike skeleton (Zig:7)
  2 orange crystal statues
  The ghost of Erad1cat0r the Carver, a journeyman HEFi of Okawaru (Elf:1)
  2 black draconians
  11 ironheart preservers
  9 vampire knights
  2 draconian callers
  22 war gargoyles
  14 very ugly things
  11 blood saints (Pan)
  30 stone giants
  10 salamander stormcallers
  10 chaos champions (Pan)
  5 green draconians
  7 deep elf annihilators
  Azrael (Snake:1)
  8 bennus
  A dire elephant (shapeshifter) (Vaults:5)
  7 purple draconians
  4 elemental wellsprings
  11 deep elf demonologists
  7 red draconians
  2 spark wasps
  18 lorocyprocas
  7 white draconians
  3 dire elephants
  10 mottled draconians
  8 black suns (Pan)
  9 yellow draconians
  40 blizzard demons
  7 merfolk javelineers (Shoals:4)
  31 vault guards
  13 merfolk impalers
  8 eidola
  6 death oozes
  30 green deaths
  23 mummy priests
  Erolcha (D:8)
  4 jiangshi
  21 ettins
  11 yaktaur captains
  Josephine (Snake:1)
  7 fire dragons
  9 deep elf death magi
  14 quicksilver dragon zombies
  8 deep elf high priests
  A minotaur (Lab)
  2 kraken zombies (Coc:5)
  10 rakshasas
  6 entropy weavers
  3 spriggan air magi
  10 hell beasts
  9 quicksilver dragon skeletons
  34 ice dragons
  12 great orbs of eyes
  11 monstrous demonspawn
  8 centaur warriors
  11 naga warriors
  12 hydras
  A ghost crab (Tar:3)
  6 anacondas
  4 death knights
  3 merfolk avatars
  3 alligator snapping turtles
  A satyr (Shoals:2)
  3 catoblepae
  30 dancing weapons
  21 ogre magi
  2 tengu warriors
  136 large abominations
  4 merfolk aquamancers (Shoals:4)
  11 deep troll shamans
  25 naga sharpshooters
  7 vampire magi
  12 deep troll earth magi
  13 shock serpents
  3 death yaks
  27 thrashing horrors
  4 spriggan berserkers
  27 hell hogs
  9 iron golems
  5 titan zombies
  4 orc high priests
  A spriggan (Depths:4)
  27 deep elf knights
  6 storm dragon zombies
  80 soul eaters
  The ghost of Ijustatesigmund the Infuser, a novice HECj of Okawaru (D:9)
  Urug (D:11)
  99 sun demons
  19 shadow wraiths
  12 wretched stars
  3 fire crabs
  2 fire crabs (shapeshifter)
  8 titan skeletons
  2 cherubim
  26 hell knights
  236 skeletal warriors
  5 spatial maelstroms
  9 unseen horrors
  5 golden dragon zombies
  7 storm dragon skeletons
  10 salamander mystics
  A spark wasp zombie (Zig:7)
  A death drake (Tar:2)
  13 anaconda zombies
  14 iron trolls
  15 torturous demonspawn (Pan)
  5 ghost moth zombies
  A quicksilver dragon simulacrum (Coc:7)
  18 flayed ghosts
  13 gelid demonspawn (Pan)
  7 giant orange brains
  2 swamp dragons (Depths:3)
  15 sea snakes
  14 infernal demonspawn (Pan)
  31 shadow demons
  29 death scarabs
  10 shadow dragon zombies
  5 naga ritualists
  A kraken simulacrum (Coc:3)
  22 deep elf archers
  45 deep trolls
  9 wolf spider zombies
  A giant orange brain (shapeshifter) (Vaults:5)
  72 deep elf magi
  9 hill giants
  17 ironbrand convokers
  40 anubis guards
  An obsidian statue (Vaults:1)
  27 phantasmal warriors
  23 putrid demonspawn (Pan)
  12 anaconda skeletons
  22 orc knights
  5 lindwurms
  13 orc sorcerers
  3 golden dragon skeletons
  12 griffons
  An orb spider (shapeshifter) (Depths:1)
  14 frost giant zombies
  18 mana vipers
  30 harpies
  10 iron dragon zombies
  7 cyclopes
  5 fire giant zombies
  13 stone giant zombies
  9 hornets
  11 wolf spiders
  A harpy (shapeshifter) (Vaults:4)
  11 manticores
  5 necromancers
  4 orb spiders (Zig:11)
  3 worldbinders (Abyss:3)
  6 wizards
  A salamander (shapeshifter) (Vaults:3)
  53 ugly things
  2 oklob plants
  21 salamanders
  7 fauns
  11 shining eyes
  40 elephants
  An elf zombie (Depths:3)
  11 iron dragon skeletons
  3 shadow dragon skeletons
  12 moths of wrath
  6 water nymphs
  A hornet (shapeshifter) (Depths:1)
  34 black mambas
  19 fire giant skeletons
  67 sixfirhies
  5 apocalypse crabs
  4 shock serpent zombies
  6 frost giant skeletons
  5 eyes of devastation
  10 sirens
  12 guardian serpents
  85 smoke demons
  4 stone giant skeletons
  Joseph (D:8)
  25 naga magi
  56 rust devils
  14 vault sentinels
  The ghost of JokEr the Thaumaturge, a novice DEWz of Vehumet (D:7)
  5 gargoyles
  An ice statue (Coc:7)
  12 molten gargoyles (Geh:7)
  67 orange demons
  A storm dragon simulacrum (Abyss:4)
  22 spiny frogs
  2 spriggan zombies
  8 dire elephant zombies
  7 kobold demonologists
  11 efreet
  52 yaktaurs
  5 dire elephant skeletons
  4 catoblepas zombies
  34 demonic crawlers
  58 hellions
  11 komodo dragons
  5 emperor scorpion zombies
  A sea snake zombie (Crypt:1)
  39 small abominations
  11 ancient zymes
  60 tormentors
  A pale draconian skeleton (Crypt:1)
  A golden dragon simulacrum (Abyss:3)
  46 guardian mummies
  2 fire drakes (Lair:7)
  2 komodo dragons (shapeshifter)
  59 ice devils
  A spriggan druid (Lair:5)
  38 hellwings
  The ghost of Oozefury the Chopper, an amateur DDFi (D:4)
  21 hydra zombies
  45 freezing wraiths
  5 silent spectres
  An elf skeleton (Depths:1)
  3 spriggan skeletons
  A jumping spider (shapeshifter) (Depths:3)
  43 red devils
  A fire drake (shapeshifter) (Vaults:2)
  A wind drake (shapeshifter) (Abyss:3)
  3 jumping spiders (Zig:11)
  4 harpy zombies
  A black draconian skeleton (Geh:1)
  7 trolls
  A troll (shapeshifter) (Depths:1)
  33 merfolk
  4 giant leeches (Depths:5)
  A tengu conjurer (Depths:2)
  12 boulder beetles
  27 raiju
  18 blink frogs
  Grinder (D:3)
  8 bog bodies
  20 hydra skeletons
  A minotaur zombie (Crypt:2)
  5 polar bears
  6 wind drakes
  35 two-headed ogres
  2 harpy skeletons (Geh:7)
  107 slime creatures
  2 iron dragon simulacra
  2 minotaur skeletons
  A snapping turtle (shapeshifter) (Abyss:3)
  8 snapping turtles
  17 ushabtiu
  4 fire dragon zombies
  A black mamba zombie (Crypt:1)
  9 ettin zombies
  11 alligator zombies
  9 ice dragon zombies
  A trapdoor spider zombie (D:14)
  12 redbacks
  A frost giant simulacrum (Coc:7)
  26 shadows
  6 trapdoor spiders
  4 alligator skeletons
  2 spriggans (shapeshifter)
  11 ettin skeletons
  169 flying skulls
  A trapdoor spider (shapeshifter) (Vaults:2)
  9 air elementals
  18 fire dragon skeletons
  4 tarantellas
  50 wraiths
  55 yaks
  2 vampires
  30 water elementals
  3 wyverns
  7 ice dragon skeletons
  53 ynoxinuls
  26 fire elementals
  3 hogs (Snake:3)
  6 fire bats
  A golden eye (shapeshifter) (Depths:1)
  2 black mamba skeletons
  5 basilisks
  A hippogriff (shapeshifter) (Vaults:1)
  11 hungry ghosts
  9 hippogriffs
  14 golden eyes
  20 humans (D:14)
  64 chaos spawn
  36 neqoxecs
  Menkaure (D:5)
  20 vampire mosquitoes
  A steam dragon (Lair:4)
  4 wolves (Lair:8)
  The ghost of JokEr the Skirmisher, an amateur GrFi (D:6)
  4 insubstantial wisps (Abyss:3)
  11 spatial vortices
  2 swamp worms (Depths:3)
  8 wargs
  136 hell hounds
  A merfolk zombie (Dis:2)
  5 mottled dragons
  32 nagas
  A water moccasin (shapeshifter) (Vaults:5)
  5 hydra simulacra
  19 water moccasins
  14 spiny frog zombies
  13 porcupines
  5 sky beasts
  4 swamp drakes (Depths:3)
  A putrid demonspawn skeleton (Tar:2)
  16 eyes of draining
  4 manticore zombies
  23 ice beasts
  3 swamp dragon zombies
  5 black bears
  6 spiny frog skeletons
  2 wasps
  35 necrophages
  56 orc warriors
  10 snapping turtle zombies
  A wasp (shapeshifter) (Vaults:5)
  4 alligator simulacra
  3 ettin simulacra
  14 phantoms
  83 ogres
  12 centaurs
  14 boggarts
  A lindwurm skeleton (Crypt:1)
  2 manticore skeletons
  9 snapping turtle skeletons
  15 crocodiles
  21 giant frogs
  A hog skeleton (Crypt:2)
  9 big kobolds
  7 earth elementals
  A komodo dragon skeleton (Crypt:2)
  An elf simulacrum (Vaults:2)
  6 scorpions
  A troll zombie (Geh:5)
  3 killer bees (D:14)
  78 wights
  3 electric eels
  A troll skeleton (Geh:5)
  10 crimson imps
  A human zombie (Geh:2)
  50 starcursed masses
  3 giant frog zombies
  8 hounds
  44 jellies
  8 quasits
  5 centaur zombies
  2 giant frog skeletons
  34 orc priests
  39 iron imps
  2 centaur skeletons (D:12)
  9 iguanas
  Jessica (D:3)
  A gnoll shaman (D:10)
  3 human skeletons
  27 orc wizards
  7 worker ants
  12 hell rats (Lair:1)
  A spriggan simulacrum (Abyss:5)
  A porcupine zombie (Crypt:1)
  36 sheep
  6 lightning spires (Abyss:4)
  2 tengu zombies
  A naga zombie (Tomb:1)
  A human simulacrum (Hell)
  A naga skeleton (Crypt:2)
  An ogre skeleton (Geh:7)
  A hound zombie (D:9)
  63 mummies
  9 gnolls
  62 river rats
  A swamp drake zombie (Crypt:2)
  16 adders
  29 shadow imps
  29 white imps
  5 giant eyeballs (Pan)
  3 ufetubi
  An ooze (Lair:7)
  An adder zombie (D:8)
  An adder skeleton (D:5)
  A lava snake skeleton (Crypt:1)
  7 worms
  5 giant geckos
  144 orcs
  A ball python (D:6)
  3 bats
  10 giant cockroaches
  5 goblins
  10 hobgoblins
  11 jackals
  29 kobolds
  6 quokkas
  A giant gecko zombie (D:7)
  2 giant newts
  2 kobold zombies
  24 rats
  A crawling corpse (Elf:3)
  3 fire vortices
  3 plants (D:11)
  6 starspawn tentacles
  12 tentacles
6863 creatures vanquished.

Vanquished Creatures (collateral kills)
  Asmodeus (Geh:7)
  Ereshkigal (Tar:7)
  Gloorx Vloq (Pan)
  A greater mummy (Tomb:1)
  An iron giant (Dis:7)
  A Brimstone Fiend (Pan)
  3 Ice Fiends
  A Hell Sentinel (Dis:7)
  3 pandemonium lords (Pan)
  A Shadow Fiend (Tar:7)
  5 Executioners (Pan)
  A fire giant (Geh:7)
  2 cacodemons
  2 iron dragons (Dis:7)
  2 warmongers (Pan)
  A black sun (Pan)
  5 reapers
  2 war gargoyles (Dis:7)
  A stone giant (Dis:7)
  A purple draconian (Zot:2)
  A quicksilver dragon zombie (Dis:7)
  A monstrous demonspawn (Pan)
  2 hell beasts
  A dancing weapon (Vaults:5)
  2 sun demons
  2 iron golems (Dis:7)
  3 skeletal warriors (Dis:7)
  3 iron trolls (Dis:7)
  A ghost moth zombie (Tar:7)
  A shadow wraith (Pan)
  An unseen horror (Tar:7)
  2 shadow demons
  An anaconda zombie (Tar:7)
  2 gelid demonspawn (Pan)
  2 torturous demonspawn (Pan)
  A putrid demonspawn (Pan)
  2 shadow dragon zombies (Dis:7)
  A wolf spider zombie (Dis:7)
  A shadow dragon skeleton (Pan)
  An iron dragon skeleton (Geh:7)
  A sixfirhy (D:4)
  A shock serpent zombie (Dis:7)
  5 rust devils (Dis:7)
  2 smoke demons
  An orange demon (Pan)
  A hellion (Dis:7)
  A demonic crawler (Pan)
  2 red devils
  3 tormentors (Dis:7)
  A catoblepas skeleton (Dis:7)
  3 flying skulls
  A shadow (Tar:7)
  A trapdoor spider (Zig:11)
  3 ynoxinuls (Pan)
  A neqoxec (Pan)
  A chaos spawn (Pan)
  A starcursed mass (Abyss:1)
  3 iron imps (Dis:7)
  A starspawn tentacle (Abyss:1)
100 creatures vanquished.

Vanquished Creatures (others)
  A deep elf master archer (Elf:3)
  2 eldritch tentacles
  A revenant (Tomb:2)
  A deep elf elementalist (Elf:3)
  3 stone giants
  An elemental wellspring (Coc:5)
  A blizzard demon (Pan)
  A fire dragon (Zot:1)
  A merfolk impaler (Shoals:4)
  A merfolk javelineer (Depths:3)
  A deep elf high priest (Elf:3)
  A quicksilver dragon skeleton (Tomb:3)
  A centaur warrior (Depths:4)
  A rakshasa (Pan)
  A ghost crab (Abyss:3)
  A titan zombie (Dis:7)
  2 satyrs
  A sun demon (Pan)
  2 deep elf knights (Elf:2)
  3 naga sharpshooters (Snake:4)
  A soul eater (Tar:7)
  18 death scarabs (Tomb:2)
  2 anaconda zombies
  A shadow demon (Pan)
  2 deep elf magi
  5 deep elf archers
  An anubis guard (Tomb:3)
  A harpy (Shoals:4)
  A necromancer (Depths:1)
  A faun (Shoals:1)
  3 cyclopes
  A smoke demon (Pan)
  9 yaktaurs
  A dire elephant skeleton (Geh:1)
  A merfolk (Shoals:3)
  A harpy skeleton (Geh:1)
  An ushabti (Tomb:1)
  An ettin zombie (Coc:4)
  3 flying skulls (Tomb:2)
  A wraith (Dis:7)
  An alligator skeleton (Geh:6)
  A human (Snake:3)
  A vampire mosquito (Vaults:2)
  A small abomination (Abyss:5)
  2 hell hounds
  An orc warrior (Orc:2)
  A swamp dragon zombie (Geh:1)
  4 ogres
  A boggart (Abyss:3)
  A necrophage (Geh:5)
  4 centaurs
  A wight (Dis:1)
  An orc wizard (Orc:2)
  2 orc priests (Orc:2)
  A giant eyeball (Pan)
  7 ball lightnings (Pan)
  5 orcs
  329 eldritch tentacle segments
  17 fungi
  7 lost souls
  3 lurking horrors
  21 plants
  22 starspawn tentacles
  245 starspawn tentacle segments
  17 tentacles
  177 tentacle segments
  11 withered plants (Crypt:3)
966 creatures vanquished.

Grand Total: 7929 creatures vanquished

Notes
Turn   | Place    | Note
--------------------------------------------------------------
     0 | D:1      | JokEr the Gargoyle Fighter began the quest for the Orb.
     0 | D:1      | Reached XP level 1. HP: 14/14 MP: 1/1
   210 | D:1      | Reached XP level 2. HP: 19/19 MP: 2/2
   465 | D:1      | Reached skill level 4 in Fighting
   629 | D:2      | Reached XP level 3. HP: 22/24 MP: 3/3
   676 | D:2      | Found a faded altar to an unknown god.
   818 | D:2      | Reached XP level 4. HP: 30/30 MP: 4/4
  1027 | D:3      | Noticed Jessica
  1040 | D:3      | Killed Jessica
  1069 | D:3      | Reached skill level 5 in Fighting
  1139 | D:3      | Noticed JokEr's ghost (amateur GrFi)
  1145 | D:3      | Reached XP level 5. HP: 31/35 MP: 5/5
  1259 | D:3      | Noticed Grinder
  1267 | D:3      | Paralysed by Grinder for 5 turns
  1272 | D:3      | Killed Grinder
  1272 | D:3      | Reached skill level 6 in Fighting
  1272 | D:3      | Reached XP level 6. HP: 21/41 MP: 6/6
  1708 | D:3      | Reached skill level 5 in Maces & Flails
  1796 | D:4      | Found a staircase to the Ecumenical Temple.
  1801 | Temple   | Entered the Ecumenical Temple
  1865 | Temple   | Became a worshipper of Warmaster Okawaru
  2005 | D:4      | Reached XP level 7. HP: 39/47 MP: 7/7
  2083 | D:4      | Noticed Oozefury's ghost (amateur DDFi)
  2120 | D:4      | Killed Oozefury's ghost
  2120 | D:4      | Reached skill level 7 in Fighting
  2775 | D:4      | Reached * piety under Okawaru
  3070 | D:5      | Entered Level 5 of the Dungeon
  3172 | D:4      | Reached XP level 8. HP: 38/54 MP: 8/8
  3408 | D:5      | Found a sparkling altar of Nemelex Xobeh.
  3471 | D:5      | Noticed Menkaure
  3488 | D:5      | Reached skill level 8 in Fighting
  3508 | D:5      | Killed Menkaure
  4345 | D:6      | Killed JokEr's ghost
  4345 | D:6      | Reached ** piety under Okawaru
  4345 | D:6      | Reached skill level 9 in Fighting
  4566 | D:6      | Reached XP level 9. HP: 56/60 MP: 9/9
  4972 | D:6      | Found a sparkling altar of Nemelex Xobeh.
  4972 | D:6      | Found a deep blue altar of Sif Muna.
  5220 | D:7      | Reached skill level 10 in Fighting
  5355 | D:7      | Noticed JokEr's ghost (novice DEWz)
  5807 | D:7      | Reached *** piety under Okawaru
  5858 | D:7      | Killed JokEr's ghost
  5938 | D:7      | Reached skill level 11 in Fighting
  5963 | D:7      | Reached XP level 10. HP: 50/69 MP: 10/10
  6206 | D:8      | Noticed Joseph
  6227 | D:8      | Killed Joseph
  6227 | D:8      | Reached skill level 10 in Maces & Flails
  6286 | D:8      | Found a basalt altar of Yredelemnul.
  6630 | D:8      | Noticed a hill giant
  6640 | D:8      | Killed a hill giant
  6640 | D:8      | Reached **** piety under Okawaru
  6640 | D:8      | Reached skill level 12 in Fighting
  6812 | D:8      | Noticed Erolcha
  6821 | D:8      | Killed Erolcha
  7270 | D:9      | Noticed Ijustatesigmund's ghost (novice HECj)
  7296 | D:9      | Killed Ijustatesigmund's ghost
  7296 | D:9      | Reached ***** piety under Okawaru
  7296 | D:9      | Reached XP level 11. HP: 9/77 MP: 11/11
  7712 | D:9      | Reached skill level 13 in Fighting
  8121 | D:10     | Entered Level 10 of the Dungeon
  8417 | D:10     | Received a gift from Okawaru
  8772 | D:10     | Found a staircase to the Orcish Mines.
  9113 | D:11     | Noticed Urug
  9124 | D:11     | Killed Urug
  9220 | D:11     | Found a staircase to the Lair.
  9245 | D:11     | Noticed Gastronok
  9263 | D:11     | Killed Gastronok
  9379 | D:11     | Gained mutation: Your spells are a little harder to cast, but a little more powerful. [potion of beneficial mutation]
  9450 | D:11     | Noticed a sixfirhy
  9458 | D:11     | Noticed a sixfirhy
  9492 | D:11     | Noticed a sun demon
  9526 | D:11     | Reached skill level 14 in Fighting
  9656 | D:11     | Killed an unseen horror
  9818 | Lair:1   | Entered Level 1 of the Lair of Beasts
  9928 | Lair:1   | Reached XP level 12. HP: 57/85 MP: 12/12
 10271 | Lair:1   | Reached skill level 5 in Armour
 10281 | Lair:1   | Received a gift from Okawaru
 10387 | Lair:1   | Reached ****** piety under Okawaru
 11725 | Lair:2   | Identified a scroll of acquirement
 11974 | Lair:3   | Noticed a seven-headed hydra
 11986 | Lair:3   | Killed a seven-headed hydra
 12031 | Lair:3   | Received a gift from Okawaru
 12298 | Lair:3   | Found a staircase to the Snake Pit.
 12306 | Lair:3   | Reached skill level 10 in Armour
 13019 | Lair:4   | Reached skill level 5 in Shields
 13019 | Lair:4   | Reached XP level 13. HP: 90/90 MP: 13/13
 13348 | Lair:4   | Found a staircase to the Shoals.
 13895 | Lair:4   | Received a gift from Okawaru
 14087 | Lair:5   | Reached skill level 10 in Shields
 14108 | Lair:5   | Found a labyrinth entrance.
 14118 | Lab      | Entered a labyrinth
 15700 | Lab      | Noticed a minotaur
 15710 | Lab      | Killed a minotaur
 16875 | Lair:6   | Gained mutation: Your large and strong wings let you fly indefinitely. [Gargoyle growth]
 16875 | Lair:6   | Reached XP level 14. HP: 72/96 MP: 14/14
 17057 | Lair:6   | Received a gift from Okawaru
 17628 | Lair:7   | Received a gift from Okawaru
 17669 | Lair:7   | Found a staircase to the Slime Pits.
 18140 | Lair:7   | Reached skill level 1 in Evocations
 18338 | Lair:8   | Entered Level 8 of the Lair of Beasts
 18555 | Lair:8   | Received a gift from Okawaru
 18558 | Lair:8   | Got a pair of heavily runed gloves {god gift}
 18567 | Lair:8   | Identified the +1 pair of gloves of Fonyas {-Tele rN++ Str+3} (Okawaru gifted it to you on level 8 of the Lair of Beasts)
 18706 | Lair:8   | Reached skill level 5 in Evocations
 19334 | Lair:8   | Noticed a dire elephant
 19363 | Lair:8   | Killed a dire elephant
 19363 | Lair:8   | Reached XP level 15. HP: 64/100 MP: 12/19
 19572 | Lair:8   | Found a burning altar of Makhleb.
 19665 | Lair:8   | Found a gateway to Hell.
 20186 | Lair:8   | Got a scorched chain mail
 20197 | Lair:8   | Identified the +1 chain mail of Dithmenos {+Blink MP+9 Int+4} (You found it on level 8 of the Lair of Beasts)
 20482 | Lair:8   | Received a gift from Okawaru
 20485 | Lair:8   | Got a pair of blackened boots {god gift}
 20486 | Lair:8   | Identified the +0 pair of boots of Lies {Dex+4} (Okawaru gifted it to you on level 8 of the Lair of Beasts)
 21394 | D:12     | Reached skill level 10 in Evocations
 21694 | D:12     | Found Cecoikoask's General Store.
 21732 | D:12     | Bought a scroll of identify for 28 gold pieces
 21732 | D:12     | Bought 3 scrolls of enchant weapon for 315 gold pieces
 21897 | D:12     | Found a portal to a secret trove of treasure.
 21901 | D:12     | You paid a toll of 2 potions of cure mutation to enter a treasure trove
 21902 | Trove    | Entered a treasure trove
 21981 | Trove    | Reached XP level 16. HP: 106/106 MP: 23/23
 23773 | D:14     | Received a gift from Okawaru
 23808 | D:14     | Found a gate to the Vaults.
 23832 | D:14     | Reached XP level 17. HP: 100/112 MP: 25/25
 23834 | D:14     | Reached skill level 15 in Fighting
 24173 | D:15     | Entered Level 15 of the Dungeon
 24255 | D:15     | Found Deadgh's Weapon Boutique.
 24280 | D:15     | Found Osijais's Magic Scroll Boutique.
 24286 | D:15     | Bought a scroll of enchant weapon for 97 gold pieces
 24286 | D:15     | Bought a scroll of teleportation for 39 gold pieces
 24286 | D:15     | Bought a scroll of teleportation for 39 gold pieces
 24286 | D:15     | Bought a scroll of blinking for 97 gold pieces
 24286 | D:15     | Bought a scroll of identify for 26 gold pieces
 24286 | D:15     | Bought a scroll of identify for 26 gold pieces
 24779 | D:15     | Found a staircase to the Depths.
 24904 | D:15     | Found Gat Vuom's Book Shop.
 25197 | Orc:1    | Entered Level 1 of the Orcish Mines
 25472 | Orc:2    | Entered Level 2 of the Orcish Mines
 25481 | Orc:2    | Found a staircase to the Elven Halls.
 25699 | Orc:2    | Found a roughly hewn altar of Beogh.
 25860 | Orc:2    | Reached skill level 16 in Fighting
 25939 | Orc:2    | Received a gift from Okawaru
 26235 | Orc:2    | Found Pooth's Antique Armour Shoppe.
 26236 | Orc:2    | Found Ocwis's Antique Weapon Emporium.
 26237 | Orc:2    | Found Sush's General Store.
 26237 | Orc:2    | Found Ypnie's Book Shoppe.
 26241 | Orc:2    | Bought a scroll of acquirement for 624 gold pieces
 26241 | Orc:2    | Bought a scroll of identify for 24 gold pieces
 26958 | Snake:1  | Entered Level 1 of the Snake Pit
 27056 | Snake:1  | Noticed Azrael
 27080 | Snake:1  | Killed Azrael
 27080 | Snake:1  | Reached skill level 15 in Maces & Flails
 27382 | Snake:1  | Noticed Aizul
 27417 | Snake:1  | Killed Aizul
 27449 | Snake:1  | Gained mutation: You are robust (+10% HP). [mutagenic meat]
 27451 | Snake:1  | Gained mutation: Your muscles are strong. (Str +2) [mutagenic meat]
 27455 | Snake:1  | Got a polished hat
 27466 | Snake:1  | Identified the +2 hat of Kikubaaqudgha's Esteem {rF++ Int-4} (You acquired it on level 1 of the Snake Pit)
 27663 | Snake:1  | Noticed Josephine
 27677 | Snake:1  | Killed Josephine
 28136 | Snake:2  | Found a basalt altar of Yredelemnul.
 28414 | Snake:2  | Reached XP level 18. HP: 134/134 MP: 26/26
 28556 | Snake:2  | Received a gift from Okawaru
 29091 | Snake:3  | Noticed Donald
 29110 | Snake:3  | Killed Donald
 29214 | Snake:3  | Noticed Kirke
 29218 | Snake:3  | Noticed Vashnia
 29250 | Snake:3  | Killed Kirke
 29267 | Snake:3  | Reached skill level 10 in Invocations
 29324 | Snake:3  | Killed Vashnia
 29966 | Snake:3  | Received a gift from Okawaru
 29969 | Snake:3  | Got a spiked shield {god gift}
 29971 | Snake:3  | Identified the +1 shield of Trumpets {rF+} (Okawaru gifted it to you on level 3 of the Snake Pit)
 30423 | Snake:4  | Entered Level 4 of the Snake Pit
 31496 | Snake:4  | Reached skill level 1 in Dodging
 31751 | Snake:4  | Noticed Roxanne
 31789 | Snake:4  | Killed Roxanne
 31916 | Snake:4  | Reached XP level 19. HP: 97/139 MP: 29/29
 32077 | Snake:4  | Received a gift from Okawaru
 32077 | Snake:4  | Reached skill level 5 in Dodging
 32828 | Snake:4  | Got a serpentine rune of Zot
 33433 | Vaults:1 | Entered Level 1 of the Vaults
 33645 | Vaults:1 | Received a gift from Okawaru
 33872 | Vaults:1 | Reached skill level 10 in Dodging
 34211 | Vaults:1 | Found Hyif Ebbofud's Book Shop.
 34739 | Vaults:1 | Found Irghupt's Antique Weapon Shoppe.
 34947 | Vaults:1 | Reached XP level 20. HP: 126/145 MP: 30/30
 35095 | Vaults:2 | Found a staircase to the Crypt.
 35116 | Vaults:2 | Noticed kak's ghost (adept MiBe)
 35199 | Vaults:2 | Killed kak's ghost
 35580 | Vaults:2 | Paralysed by an ogre mage for 3 turns
 35604 | Vaults:2 | Received a gift from Okawaru
 36366 | Vaults:2 | Received a gift from Okawaru
 36390 | Vaults:2 | Gained mutation: You are partially covered in large bone plates (AC +2, SH +2). [potion of beneficial mutation]
 36391 | Vaults:2 | Gained mutation: You have a pair of small horns on your head. [potion of beneficial mutation]
 36399 | Vaults:2 | Gained mutation: Your movements are slightly less encumbered by armour (ER -2). [potion of mutation]
 36399 | Vaults:2 | Gained mutation: Your magical capacity is low (-10% MP). [potion of mutation]
 37017 | Vaults:2 | Reached skill level 17 in Fighting
 37522 | Vaults:3 | Received a gift from Okawaru
 37569 | Vaults:3 | Found Gilets's Antique Armour Shop.
 37577 | Vaults:3 | Bought a crude plate armour for 980 gold pieces
 37577 | Vaults:3 | Identified the cursed +0 plate armour of Leaves {rPois rCorr Str-3 Dex+4} (You bought it in a shop on level 3 of the Vaults)
 37589 | Vaults:3 | Noticed Jorgrun
 37604 | Vaults:3 | Killed Jorgrun
 38510 | Vaults:3 | Found Saujett's Distillery.
 38518 | Vaults:3 | Bought a potion of agility for 52 gold pieces
 38518 | Vaults:3 | Bought a potion of curing for 39 gold pieces
 38518 | Vaults:3 | Bought a potion of curing for 39 gold pieces
 38695 | Vaults:3 | Reached XP level 21. HP: 154/154 MP: 28/28
 38719 | Vaults:3 | Reached skill level 18 in Fighting
 38961 | Vaults:4 | Found a roughly hewn altar of Beogh.
 39533 | Vaults:4 | Received a gift from Okawaru
 39645 | Vaults:4 | Got a heavily runed buckler {god gift}
 39646 | Vaults:4 | Identified the +0 buckler "Gyeclac" {Dex+5} (Okawaru gifted it to you on level 4 of the Vaults)
 39989 | Vaults:4 | Noticed Mennas
 40043 | Vaults:4 | Killed Mennas
 40043 | Vaults:4 | Reached skill level 19 in Fighting
 40422 | Vaults:4 | Noticed Saint Roka
 40481 | Vaults:4 | Killed Saint Roka
 41019 | Shoals:1 | Entered Level 1 of the Shoals
 41047 | Shoals:1 | Received a gift from Okawaru
 41715 | Shoals:1 | Reached XP level 22. HP: 165/165 MP: 29/29
 43137 | Shoals:3 | Reached skill level 20 in Fighting
 43760 | Shoals:4 | Entered Level 4 of the Shoals
 43917 | Shoals:4 | Noticed Ilsuiw
 43939 | Shoals:4 | Killed Ilsuiw
 44168 | Shoals:4 | Received a gift from Okawaru
 44230 | Shoals:4 | Found Gesseraq's Antique Armour Boutique.
 44266 | Shoals:4 | Bought a runed cloak for 157 gold pieces
 44358 | Shoals:4 | Got a barnacled rune of Zot
 44566 | Shoals:4 | Found Ufiddyad's Antique Weapon Shop.
 45324 | Slime:1  | Entered Level 1 of the Pits of Slime
 45327 | Slime:1  | Gained mutation: You are dopey. (Int -2) [a shining eye]
 45792 | Slime:1  | Received a gift from Okawaru
 45792 | Slime:1  | Reached skill level 21 in Fighting
 45802 | Slime:1  | Got a shimmering flail {god gift}
 45978 | Slime:1  | Identified the +7 flail of Okawaru's Approval {crush, MP+9 Int+5} (Okawaru gifted it to you on level 1 of the Pits of Slime)
 46170 | Slime:2  | Reached XP level 23. HP: 99/176 MP: 29/29
 47178 | Slime:6  | Entered Level 6 of the Pits of Slime
 47203 | Slime:6  | Received a gift from Okawaru
 47272 | Slime:6  | Noticed the Royal Jelly
 47290 | Slime:6  | Killed the Royal Jelly
 47898 | Slime:6  | Got a scorched brass ring
 47918 | Slime:6  | Gained mutation: Armour fits poorly on your strangely shaped body. [a shining eye]
 47923 | Slime:6  | Gained mutation: Your magical capacity is very low (-20% MP). [a shining eye]
 47957 | Slime:6  | Identified the ring of Koutut {Ice rPois Stlth+} (You found it on level 6 of the Pits of Slime)
 48024 | Slime:6  | Reached skill level 22 in Fighting
 48491 | Slime:6  | Got a slimy rune of Zot
 49154 | Depths:1 | Entered Level 1 of the Depths
 49907 | Depths:1 | Received a gift from Okawaru
 50104 | Depths:1 | Found a gateway to a ziggurat.
 50135 | Depths:1 | Reached XP level 24. HP: 185/185 MP: 25/26
 50539 | Depths:2 | Found a one-way gate to the infinite horrors of the Abyss.
 50556 | Depths:2 | Noticed Louise
 50582 | Depths:2 | Killed Louise
 51180 | Depths:2 | Reached skill level 23 in Fighting
 51215 | Depths:2 | Found a one-way gate leading to the halls of Pandemonium.
 51717 | Depths:3 | Noticed Xtahua
 51727 | Depths:3 | Killed Xtahua
 51843 | Depths:3 | Received a gift from Okawaru
 51924 | Depths:3 | Noticed Norris
 51945 | Depths:3 | Killed Norris
 52057 | Depths:3 | Reached skill level 24 in Fighting
 52202 | Depths:3 | Noticed Duffy's ghost (adept MiBe)
 52244 | Depths:3 | Killed Duffy's ghost
 52808 | Depths:4 | Found a magical portal.
 52813 | WizLab   | Entered Wucad Mu's Monastery
 53592 | WizLab   | Reached XP level 25. HP: 198/198 MP: 26/26
 53593 | WizLab   | Gained mutation: You are agile. (Dex +2) [potion of beneficial mutation]
 53900 | Depths:4 | Reached XP level 26. HP: 156/205 MP: 26/26
 53943 | Depths:4 | Received a gift from Okawaru
 53965 | Depths:4 | Reached skill level 25 in Fighting
 53968 | Depths:4 | Got a smoking flail {god gift}
 54123 | Depths:4 | Identified the +3 flail of the Dragonfly {antimagic, +Blink rF+} (Okawaru gifted it to you on level 4 of the Depths)
 54286 | Depths:4 | Found a corrupted altar of Lugonu.
 54617 | Depths:5 | Entered Level 5 of the Depths
 54656 | Depths:5 | Noticed a juggernaut
 54676 | Depths:5 | Killed a juggernaut
 55164 | Depths:5 | Reached skill level 26 in Fighting
 55275 | Depths:5 | Received a gift from Okawaru
 55331 | Depths:5 | Found a gate to the Realm of Zot.
 56001 | Elf:1    | Entered Level 1 of the Elven Halls
 56440 | Elf:1    | Noticed Erad1cat0r's ghost (journeyman HEFi)
 56453 | Elf:1    | Killed Erad1cat0r's ghost
 56549 | Elf:1    | Lost intelligence.
 56590 | Elf:1    | Lost mutation: Your muscles are strong. (Str +2) [a cacodemon]
 57199 | Elf:2    | Found Xanaagey's Book Emporium.
 57199 | Elf:2    | Found Nietuq's Weapon Shop.
 57206 | Elf:2    | Found a radiant altar of Vehumet.
 57234 | Elf:2    | Found Mevan's Gadget Shoppe.
 57391 | Elf:2    | Found Giobaoh's Weapon Boutique.
 57453 | Elf:2    | Found a huge runed gate.
 57453 | Elf:2    | Found a huge runed gate.
 57453 | Elf:2    | Found a huge runed gate.
 57453 | Elf:2    | Found a huge runed gate.
 57455 | Elf:2    | Found a huge runed gate.
 57530 | Elf:2    | Found Zoaz's Weapon Shoppe.
 57535 | Elf:2    | Bought the +7 great mace "Undeadhunter" {disrupt, rN+} for 948 gold pieces
 57555 | Elf:2    | Reached skill level 27 in Fighting
 58151 | Elf:3    | Entered Level 3 of the Elven Halls
 58158 | Elf:3    | Reached XP level 27. HP: 218/218 MP: 26/26
 58480 | Elf:3    | Received a gift from Okawaru
 59039 | Elf:3    | Got a translucent zirconium amulet
 59065 | Elf:3    | Identified the amulet of the Eleven Suns {Spirit +Blink} (You found it on level 3 of the Elven Halls)
 59649 | Elf:3    | Found Usuni's Assorted Antiques.
 59654 | Elf:3    | Bought a scroll of enchant weapon for 247 gold pieces
 59936 | Temple   | Fell from the grace of Okawaru
 59936 | Temple   | Became a worshipper of the Shining One
 60234 | Crypt:1  | Entered Level 1 of the Crypt
 60245 | Crypt:1  | Reached * piety under the Shining One
 60675 | Crypt:1  | Reached ** piety under the Shining One
 60676 | Crypt:1  | Noticed Khufu
 60677 | Crypt:1  | Noticed a greater mummy
 60710 | Crypt:1  | Killed a greater mummy
 60750 | Crypt:1  | Killed Khufu
 61350 | Crypt:1  | Reached *** piety under the Shining One
 61376 | Crypt:1  | Found a shimmering altar of Xom.
 61644 | Crypt:1  | Reached **** piety under the Shining One
 62551 | Crypt:2  | Reached ***** piety under the Shining One
 62646 | Crypt:3  | Entered Level 3 of the Crypt
 63536 | Crypt:3  | Reached ****** piety under the Shining One
 63556 | Crypt:3  | Identified a +9 sacred scourge of holy wrath (a +9 demon whip of venom blessed by the Shining One)
 63556 | Crypt:3  | Received a gift from the Shining One
 64102 | Crypt:3  | Gained mutation: You have sharp toenails. [potion of beneficial mutation]
 64216 | Crypt:3  | Noticed an ancient lich
 64222 | Crypt:3  | Killed an ancient lich
 64354 | Crypt:3  | Found a staircase to the Tomb.
 64402 | Crypt:3  | Noticed an ancient lich
 64414 | Crypt:3  | Killed an ancient lich
 65313 | Vaults:5 | Entered Level 5 of the Vaults
 65965 | Vaults:4 | Was forgiven by Okawaru
 66201 | Vaults:5 | Noticed an ancient lich
 66207 | Vaults:5 | Noticed Sojobo
 66270 | Vaults:5 | Killed an ancient lich
 66591 | Vaults:5 | Reached skill level 27 in Maces & Flails
 66593 | Vaults:5 | Got a slimy mace {elec}
 66615 | Vaults:5 | Identified the +8 mace of the First Blessings {elec, Dex+3} (You took it off a tengu reaver on level 5 of the Vaults)
 66705 | Vaults:5 | Reached skill level 15 in Armour
 66807 | Vaults:5 | Paralysed by a sphinx for 7 turns
 67251 | Vaults:5 | Got a crude glass ring
 67264 | Vaults:5 | Identified the ring of Zymutt {rF+ MP+9 Str+4 Int+2 Dex+4} (You found it on level 5 of the Vaults)
 67574 | Vaults:5 | Found Bacweyra's Gadget Shoppe.
 67938 | Vaults:4 | Killed Sojobo
 68136 | Vaults:5 | Got a pitted jade ring
 68217 | Vaults:5 | Got a silver rune of Zot
 68855 | Zig:1    | Entered Level 1 of a ziggurat
 68876 | Zig:1    | Identified the ring "Loojesm" {EV+4 Dex+2} (You took it off a frost giant on level 5 of the Vaults)
 68883 | Zig:2    | Entered Level 2 of a ziggurat
 68917 | Zig:3    | Entered Level 3 of a ziggurat
 68945 | Zig:3    | Reached skill level 15 in Shields
 68948 | Zig:4    | Entered Level 4 of a ziggurat
 69013 | Zig:5    | Entered Level 5 of a ziggurat
 69078 | Zig:6    | Entered Level 6 of a ziggurat
 69613 | Zig:7    | Entered Level 7 of a ziggurat
 69680 | Zig:8    | Entered Level 8 of a ziggurat
 69712 | Zig:8    | Paralysed by accursed screaming for 2 turns
 69771 | Zig:9    | Entered Level 9 of a ziggurat
 70014 | Zig:9    | Got a brightly glowing flail
 70030 | Zig:9    | Identified the +5 flail of Vameyny {crush, rF++ MP+9 Dex+5} (You found it on level 9 of a ziggurat)
 70038 | Zig:10   | Entered Level 10 of a ziggurat
 70168 | Zig:11   | Entered Level 11 of a ziggurat
 70431 | Zig:11   | Got a crude emerald amulet
 70453 | Zig:11   | Identified the amulet of Kieph {MPRegen rElec MR- Int+8 SInv} (You found it on level 11 of a ziggurat)
 70457 | Zig:12   | Entered Level 12 of a ziggurat
 70485 | Zig:12   | Lost mutation: You are robust (+10% HP). [a shining eye]
 70500 | Zig:12   | Gained mutation: Scrolls take you a little longer to read. [a shining eye]
 70563 | Depths:1 | HP: 1/199 [acid (16)]
 70577 | Depths:1 | HP: 9/199 [acid (9)]
 71619 | Tomb:1   | Entered Level 1 of the Tomb of the Ancients
 71784 | Tomb:1   | Paralysed by a sphinx for 7 turns
 72079 | Tomb:1   | Noticed a greater mummy
 72080 | Tomb:1   | Noticed a greater mummy
 72123 | Tomb:1   | Killed a greater mummy
 72128 | Tomb:1   | Killed a greater mummy
 72849 | Tomb:2   | Noticed a greater mummy
 72851 | Tomb:2   | Noticed a greater mummy
 72854 | Tomb:2   | Noticed an ancient lich
 73265 | Tomb:2   | Noticed a greater mummy
 73421 | Tomb:1   | Killed a greater mummy
 73485 | Tomb:1   | Killed a greater mummy
 73509 | Tomb:1   | Killed an ancient lich
 73711 | Tomb:2   | Killed a greater mummy
 74063 | Tomb:1   | Noticed a greater mummy
 74063 | Tomb:1   | Noticed a greater mummy
 74067 | Tomb:1   | Noticed a greater mummy
 74074 | Tomb:1   | Killed a greater mummy
 74078 | Tomb:1   | Noticed a greater mummy
 74086 | Tomb:1   | Killed a greater mummy
 74088 | Tomb:1   | Noticed a greater mummy
 74091 | Tomb:1   | Noticed a greater mummy
 74110 | Tomb:2   | Killed a greater mummy
 74110 | Tomb:2   | Lost intelligence.
 74417 | Tomb:1   | Killed a greater mummy
 74417 | Tomb:1   | Lost intelligence.
 74427 | Tomb:1   | Killed a greater mummy
 74435 | Tomb:1   | Killed a greater mummy
 74452 | Tomb:1   | Noticed a greater mummy
 74457 | Tomb:1   | Killed a greater mummy
 74493 | Tomb:1   | Noticed a greater mummy
 74498 | Tomb:1   | Killed a greater mummy
 74531 | Tomb:1   | Noticed a greater mummy
 74540 | Tomb:1   | Killed a greater mummy
 74544 | Tomb:1   | Noticed a greater mummy
 74545 | Tomb:1   | Noticed a greater mummy
 74816 | Tomb:1   | Noticed a greater mummy
 74820 | Tomb:1   | Killed a greater mummy
 74826 | Tomb:1   | Killed a greater mummy
 74831 | Tomb:1   | Killed a greater mummy
 74870 | Tomb:1   | Noticed a greater mummy
 74885 | Tomb:1   | Killed a greater mummy
 74889 | Tomb:1   | Noticed a greater mummy
 74903 | Tomb:1   | Killed a greater mummy
 74917 | Tomb:1   | Noticed a greater mummy
 74919 | Tomb:1   | Noticed a greater mummy
 74927 | Tomb:1   | Killed a greater mummy
 74928 | Tomb:1   | Noticed a greater mummy
 75261 | Tomb:1   | Killed a greater mummy
 75270 | Tomb:1   | Killed a greater mummy
 75309 | Tomb:1   | Noticed a greater mummy
 75316 | Tomb:1   | Killed a greater mummy
 75370 | Tomb:1   | Noticed a greater mummy
 75380 | Tomb:1   | Noticed a greater mummy
 75383 | Tomb:1   | Killed a greater mummy
 75385 | Tomb:1   | Noticed a greater mummy
 75389 | Tomb:1   | Noticed a greater mummy
 75469 | Tomb:1   | Killed a greater mummy
 75527 | Tomb:1   | Killed a greater mummy
 75722 | Tomb:1   | Noticed a greater mummy
 75738 | Tomb:1   | Killed a greater mummy
 75746 | Tomb:1   | Killed a greater mummy
 75902 | Tomb:1   | Noticed a greater mummy
 75913 | Tomb:1   | Killed a greater mummy
 76217 | Tomb:2   | Cast into level 5 of the Abyss (the power of Zot)
 76217 | Abyss:5  | Entered Level 5 of the Abyss
 76217 | Abyss:5  | Found a corrupted altar of Lugonu.
 76430 | Abyss:5  | Found a corrupted altar of Lugonu.
 76430 | Abyss:5  | Gained mutation: Your flesh is cold resistant. [a neqoxec]
 76726 | Tomb:2   | Escaped the Abyss
 77125 | Tomb:3   | Entered Level 3 of the Tomb of the Ancients
 77169 | Tomb:3   | Noticed a greater mummy
 77169 | Tomb:3   | Noticed a greater mummy
 77172 | Tomb:3   | Noticed a greater mummy
 77173 | Tomb:3   | Noticed a greater mummy
 77180 | Tomb:3   | Killed a greater mummy
 77182 | Tomb:3   | Noticed a greater mummy
 77188 | Tomb:2   | Killed a greater mummy
 77461 | Tomb:3   | Killed a greater mummy
 77467 | Tomb:3   | Killed a greater mummy
 77472 | Tomb:3   | Killed a greater mummy
 77478 | Tomb:3   | Noticed a greater mummy
 77480 | Tomb:3   | Noticed a greater mummy
 77850 | Tomb:3   | Killed a greater mummy
 77855 | Tomb:3   | Killed a greater mummy
 77860 | Tomb:3   | Noticed a greater mummy
 77864 | Tomb:3   | Noticed a greater mummy
 77880 | Tomb:3   | Killed a greater mummy
 77885 | Tomb:3   | Killed a greater mummy
 78102 | Tomb:3   | Got an ivory morningstar
 78122 | Tomb:3   | Got a fine amber ring
 78145 | Tomb:3   | Identified the +9 morningstar of Greed {drain, +Rage} (You found it on level 3 of the Tomb of the Ancients)
 78147 | Tomb:3   | Identified the ring of Xom's Sleight of Hands {rN+ Dex+2} (You found it on level 3 of the Tomb of the Ancients)
 78158 | Tomb:3   | Got a steaming emerald amulet
 78199 | Tomb:3   | Got a golden rune of Zot
 79167 | Depths:2 | Identified the amulet "Qyschini" {*Confuse rPois rN+ Regen+ Str+4} (You found it on level 3 of the Tomb of the Ancients)
 79169 | Pan      | Entered Pandemonium
 79252 | Pan      | Noticed Dedgh the pandemonium lord
 79258 | Pan      | Killed Dedgh the pandemonium lord
 79557 | Pan      | Gained mutation: Your body sometimes deteriorates upon taking damage. [a neqoxec]
 79766 | Pan      | Found an exit through the horrors of the Abyss.
 80079 | Pan      | Noticed Ocios the pandemonium lord
 80088 | Pan      | Killed Ocios the pandemonium lord
 80977 | Pan      | Noticed Zafive the pandemonium lord
 80984 | Pan      | Killed Zafive the pandemonium lord
 81015 | Pan      | Got a demonic rune of Zot
 81245 | Pan      | Found an exit through the horrors of the Abyss.
 81656 | Pan      | Noticed Cahus the pandemonium lord
 81665 | Pan      | Killed Cahus the pandemonium lord
 81794 | Pan      | Reached skill level 27 in Shields
 81868 | Pan      | Found an exit through the horrors of the Abyss.
 82261 | Pan      | Found an exit through the horrors of the Abyss.
 82300 | Pan      | Noticed Goleal the pandemonium lord
 82320 | Pan      | Paralysed by a giant eyeball for 2 turns
 82325 | Pan      | Killed Goleal the pandemonium lord
 82325 | Pan      | Paralysed by a giant eyeball for 4 turns
 83188 | Pan      | Noticed Ydweiturph the pandemonium lord
 83198 | Pan      | Killed Ydweiturph the pandemonium lord
 83623 | Pan      | Found an exit through the horrors of the Abyss.
 83688 | Pan      | Gained mutation: Your body often deteriorates upon taking damage. [a neqoxec]
 83689 | Pan      | Gained mutation: Potions and wands are less effective at restoring your health. [a neqoxec]
 83726 | Pan      | Found an exit through the horrors of the Abyss.
 83823 | Pan      | Noticed Fofut the pandemonium lord
 83830 | Pan      | Cast into level 2 of the Abyss (Fofut)
 84011 | Abyss:3  | Lost mutation: Potions and wands are less effective at restoring your health. [a cacodemon]
 84020 | Abyss:3  | Gained mutation: You are weak. (Str -2) [a cacodemon]
 84750 | Abyss:3  | Found a shadowy altar of Dithmenos.
 85290 | Abyss:3  | Found an opulent altar of Gozag.
 85325 | Abyss:3  | Found a corrupted altar of Lugonu.
 85604 | Abyss:3  | Lost mutation: You are partially covered in large bone plates (AC +2, SH +2). [potion of cure mutation]
 85604 | Abyss:3  | Lost mutation: You are weak. (Str -2) [potion of cure mutation]
 85604 | Abyss:3  | Lost mutation: Your flesh is cold resistant. [potion of cure mutation]
 85604 | Abyss:3  | Lost mutation: You have sharp toenails. [potion of cure mutation]
 85605 | Abyss:3  | Lost mutation: Your magical capacity is very low (-20% MP). [potion of cure mutation]
 85605 | Abyss:3  | Lost mutation: You have a pair of small horns on your head. [potion of cure mutation]
 85605 | Abyss:3  | Lost mutation: Armour fits poorly on your strangely shaped body. [potion of cure mutation]
 85606 | Abyss:3  | Lost mutation: Your magical capacity is low (-10% MP). [potion of cure mutation]
 85606 | Abyss:3  | Lost mutation: Your spells are a little harder to cast, but a little more powerful. [potion of cure mutation]
 85606 | Abyss:3  | Lost mutation: Scrolls take you a little longer to read. [potion of cure mutation]
 85606 | Abyss:3  | Lost mutation: You are agile. (Dex +2) [potion of cure mutation]
 85703 | Abyss:3  | Reached skill level 27 in Armour
 85968 | Abyss:3  | Paralysed by a great orb of eyes for 7 turns
 86401 | Abyss:4  | Paralysed by accursed screaming for 1 turns
 86472 | Abyss:4  | Got an abyssal rune of Zot
 86558 | Abyss:4  | Found a corrupted altar of Lugonu.
 86574 | Pan      | Escaped the Abyss
 86585 | Pan      | Killed Fofut the pandemonium lord
 86638 | Pan      | Got a fine bronze ring
 86639 | Pan      | Identified the ring of Weamixoo {AC+2 Int+4} (You found it in Pandemonium)
 86941 | Pan      | Found an exit through the horrors of the Abyss.
 87087 | Pan      | Noticed Xuomes the pandemonium lord
 87277 | Pan      | Killed Xuomes the pandemonium lord
 87370 | Pan      | Gained mutation: You expend magic power (3 MP) to strengthen your wands. [a cacodemon]
 87376 | Pan      | Reached skill level 15 in Dodging
 88525 | Pan      | Found an exit through the horrors of the Abyss.
 88624 | Pan      | Noticed Ziyviuq the pandemonium lord
 88636 | Pan      | Killed Ziyviuq the pandemonium lord
 89059 | Pan      | Noticed Iseclubu the pandemonium lord
 89069 | Pan      | Killed Iseclubu the pandemonium lord
 89258 | Pan      | Got a smoking morningstar {flame}
 89259 | Pan      | Identified the cursed +1 morningstar of Wimesod {flame, Str+2} (You took it off an infernal demonspawn in Pandemonium)
 89481 | Pan      | Found an exit through the horrors of the Abyss.
 89578 | Pan      | Entered the realm of Gloorx Vloq.
 89795 | Pan      | Noticed Gloorx Vloq
 89813 | Pan      | Killed Gloorx Vloq
 89821 | Pan      | Got a dark rune of Zot
 90077 | Pan      | Found an exit through the horrors of the Abyss.
 90447 | Pan      | Noticed Wieb the pandemonium lord
 90465 | Pan      | Cast into level 4 of the Abyss (Wieb)
 90515 | Pan      | Escaped the Abyss
 90527 | Pan      | Killed Wieb the pandemonium lord
 90641 | Pan      | Found an exit through the horrors of the Abyss.
 90996 | Pan      | Found an exit through the horrors of the Abyss.
 91028 | Pan      | Noticed Cuczerhach the pandemonium lord
 91057 | Pan      | Killed Cuczerhach the pandemonium lord
 91061 | Pan      | Gained mutation: You are weak. (Str -2) [a neqoxec]
 91090 | Pan      | Gained mutation: Armour fits poorly on your strangely shaped body. [a neqoxec]
 91092 | Pan      | Gained mutation: You are very weak. (Str -4) [a neqoxec]
 91106 | Pan      | Gained mutation: You are clumsy. (Dex -2) [a neqoxec]
 91500 | Pan      | Found an exit through the horrors of the Abyss.
 91501 | Pan      | Gained mutation: You are very clumsy. (Dex -4) [a cacodemon]
 91695 | Pan      | Gained mutation: You are covered in fur (AC +1). [a neqoxec]
 92176 | Pan      | Noticed Georhusu the pandemonium lord
 92306 | Pan      | Found an exit through the horrors of the Abyss.
 92308 | Pan      | Gained mutation: You are frail (-10% HP). [a cacodemon]
 92324 | Pan      | Killed Georhusu the pandemonium lord
 93051 | Pan      | Noticed Puttyett the pandemonium lord
 93074 | Pan      | Killed Puttyett the pandemonium lord
 93358 | Pan      | Found an exit through the horrors of the Abyss.
 93763 | Pan      | Entered the realm of Lom Lobon.
 93853 | Pan      | Found an exit through the horrors of the Abyss.
 94257 | Pan      | Noticed Lom Lobon
 94282 | Pan      | Killed Lom Lobon
 94289 | Pan      | Got a magical rune of Zot
 94865 | Pan      | Found an exit through the horrors of the Abyss.
 94931 | Pan      | Noticed Raih the pandemonium lord
 94968 | Pan      | Paralysed by Raih for 4 turns
 94976 | Pan      | Killed Raih the pandemonium lord
 95791 | Pan      | Found an exit through the horrors of the Abyss.
 96098 | Pan      | Noticed Suseah the pandemonium lord
 96106 | Pan      | Killed Suseah the pandemonium lord
 96564 | Pan      | Gained mutation: Your spells are a little easier to cast, but a little less powerful. [a cacodemon]
 96568 | Pan      | Gained mutation: You are very frail (-20% HP). [a cacodemon]
 96570 | Pan      | Gained mutation: Your magical capacity is low (-10% MP). [a cacodemon]
 96619 | Pan      | Found a huge runed gate.
 96641 | Pan      | Noticed Vyx Elyp the pandemonium lord
 96655 | Pan      | Killed Vyx Elyp the pandemonium lord
 96788 | Pan      | Gained mutation: You are very dopey. (Int -4) [a cacodemon]
 97166 | Pan      | Found an exit through the horrors of the Abyss.
 97627 | Pan      | Found an exit through the horrors of the Abyss.
 98229 | Pan      | Noticed Otifofiu the pandemonium lord
 98245 | Pan      | Killed Otifofiu the pandemonium lord
 98868 | Pan      | Noticed Nulefur the pandemonium lord
 98878 | Pan      | Killed Nulefur the pandemonium lord
 98999 | Pan      | Found an exit through the horrors of the Abyss.
 99308 | Pan      | Entered the realm of Cerebov.
 99461 | Pan      | Found an exit through the horrors of the Abyss.
 99683 | Pan      | Got a clouded iron ring
 99694 | Pan      | Identified the ring of Autotheism {rPois rF+ rN+ Int-5 Stlth+} (You took it off a balrug in Pandemonium)
 99701 | Pan      | Got an ichor-stained fire dragon armour
 99702 | Pan      | Identified the +6 fire dragon armour of Compression {*Corrode +Inv rF++ rC- Regen+} (You took it off a balrug in Pandemonium)
 99960 | Pan      | Got a warped silver amulet
 99994 | Pan      | Noticed Cerebov
100044 | Pan      | Killed Cerebov
100193 | Pan      | Got a fiery rune of Zot
100435 | Pan      | Found an exit through the horrors of the Abyss.
100473 | Pan      | Lost mutation: Your spells are a little easier to cast, but a little less powerful. [potion of cure mutation]
100473 | Pan      | Lost mutation: You are very weak. (Str -4) [potion of cure mutation]
100473 | Pan      | Lost mutation: Armour fits poorly on your strangely shaped body. [potion of cure mutation]
100474 | Pan      | Lost mutation: You are very frail (-20% HP). [potion of cure mutation]
100474 | Pan      | Lost mutation: You expend magic power (3 MP) to strengthen your wands. [potion of cure mutation]
100474 | Pan      | Lost mutation: Your magical capacity is low (-10% MP). [potion of cure mutation]
100474 | Pan      | Lost mutation: You are frail (-10% HP). [potion of cure mutation]
100475 | Pan      | Lost mutation: Your body often deteriorates upon taking damage. [potion of cure mutation]
100475 | Pan      | Lost mutation: You are very dopey. (Int -4) [potion of cure mutation]
100475 | Pan      | Lost mutation: You are very clumsy. (Dex -4) [potion of cure mutation]
100475 | Pan      | Lost mutation: Your movements are slightly less encumbered by armour (ER -2). [potion of cure mutation]
100476 | Pan      | Lost mutation: You are clumsy. (Dex -2) [potion of cure mutation]
100476 | Pan      | Lost mutation: You are weak. (Str -2) [potion of cure mutation]
100476 | Pan      | Lost mutation: You are dopey. (Int -2) [potion of cure mutation]
100476 | Pan      | Lost mutation: Your body sometimes deteriorates upon taking damage. [potion of cure mutation]
100838 | Pan      | Noticed Cupan the pandemonium lord
100850 | Pan      | Killed Cupan the pandemonium lord
100914 | Pan      | Noticed Caqoneg the pandemonium lord
100945 | Pan      | Killed Caqoneg the pandemonium lord
101017 | Pan      | Found an exit through the horrors of the Abyss.
101474 | Pan      | Entered the realm of Mnoleg.
101482 | Pan      | Gained mutation: Armour fits poorly on your strangely shaped body. [a cacodemon]
101491 | Pan      | Gained mutation: You can translocate small distances at will. [a neqoxec]
101497 | Pan      | Gained mutation: Potions and wands are less effective at restoring your health. [a cacodemon]
101508 | Pan      | Gained mutation: Your body sometimes deteriorates upon taking damage. [a neqoxec]
101525 | Pan      | Gained mutation: You occasionally shout uncontrollably at your foes. [a neqoxec]
101529 | Pan      | Gained mutation: You are dopey. (Int -2) [a neqoxec]
101587 | Pan      | Gained mutation: Your magical capacity is low (-10% MP). [a shining eye]
101592 | Pan      | Paralysed by a giant eyeball for 4 turns
101600 | Pan      | Paralysed by a giant eyeball for 2 turns
101603 | Pan      | Lost intelligence.
101608 | Pan      | Gained mutation: You are frail (-10% HP). [a neqoxec]
101612 | Pan      | Paralysed by a giant eyeball for 4 turns
101614 | Pan      | Gained mutation: You expend magic power (3 MP) to strengthen your wands. [a shining eye]
101620 | Pan      | Paralysed by a giant eyeball for 3 turns
101626 | Pan      | Paralysed by a giant eyeball for 2 turns
101643 | Pan      | Paralysed by a giant eyeball for 3 turns
101656 | Pan      | Gained mutation: You are very dopey. (Int -4) [a cacodemon]
101658 | Pan      | Gained mutation: Your body often deteriorates upon taking damage. [a cacodemon]
101660 | Pan      | Paralysed by a giant eyeball for 2 turns
101676 | Pan      | Lost mutation: Armour fits poorly on your strangely shaped body. [potion of cure mutation]
101676 | Pan      | Lost mutation: You are covered in fur (AC +1). [potion of cure mutation]
101676 | Pan      | Lost mutation: You are frail (-10% HP). [potion of cure mutation]
101676 | Pan      | Lost mutation: Your magical capacity is low (-10% MP). [potion of cure mutation]
101676 | Pan      | Lost mutation: Potions and wands are less effective at restoring your health. [potion of cure mutation]
101693 | Pan      | Gained mutation: You are clumsy. (Dex -2) [a cacodemon]
101711 | Pan      | Gained mutation: Armour fits poorly on your strangely shaped body. [a cacodemon]
101795 | Pan      | Found an exit through the horrors of the Abyss.
101855 | Pan      | Lost mutation: Your body often deteriorates upon taking damage. [a cacodemon]
101873 | Pan      | Gained mutation: Your magical capacity is low (-10% MP). [a cacodemon]
101881 | Pan      | Gained mutation: You are frail (-10% HP). [a cacodemon]
102078 | Pan      | Gained mutation: You tend to lose your temper in combat. [a shining eye]
102081 | Pan      | Lost mutation: You tend to lose your temper in combat. [a shining eye]
102082 | Pan      | Gained mutation: Your magical capacity is very low (-20% MP). [a shining eye]
102090 | Pan      | Gained mutation: Your body often deteriorates upon taking damage. [a neqoxec]
102101 | Pan      | Gained mutation: Your spells are a little easier to cast, but a little less powerful. [a neqoxec]
102114 | Pan      | Paralysed by a giant eyeball for 4 turns
102124 | Pan      | Noticed Mnoleg
102152 | Pan      | Killed Mnoleg
102192 | Pan      | Got a glowing rune of Zot
102374 | Pan      | Gained mutation: Your magical capacity is extremely low (-30% MP). [a cacodemon]
102550 | Pan      | Took an exit into the Abyss.
102550 | Abyss:1  | Escaped into the Abyss
102566 | Abyss:1  | Paralysed by accursed screaming for 1 turns
102579 | Abyss:1  | Paralysed by accursed screaming for 2 turns
102793 | Abyss:2  | Gained mutation: Scrolls take you a little longer to read. [a cacodemon]
102798 | Abyss:2  | Gained mutation: Your spells are easier to cast, but less powerful. [a cacodemon]
102826 | Depths:2 | Escaped the Abyss
102879 | Hell     | Entered the Vestibule of Hell
102879 | Hell     | Noticed Geryon
102881 | Hell     | Lost mutation: Armour fits poorly on your strangely shaped body. [potion of cure mutation]
102881 | Hell     | Lost mutation: You occasionally shout uncontrollably at your foes. [potion of cure mutation]
102881 | Hell     | Lost mutation: Your spells are easier to cast, but less powerful. [potion of cure mutation]
102881 | Hell     | Lost mutation: You are frail (-10% HP). [potion of cure mutation]
102881 | Hell     | Lost mutation: You expend magic power (3 MP) to strengthen your wands. [potion of cure mutation]
102881 | Hell     | Lost mutation: Your spells are a little easier to cast, but a little less powerful. [potion of cure mutation]
102892 | Hell     | Killed Geryon
102979 | Hell     | Identified the amulet "Sigapyix" {Dismiss MR+} (You found it in Pandemonium)
103084 | Hell     | Found a gateway to the decaying netherworld of Tartarus.
103116 | Tar:1    | Entered Level 1 of Tartarus
103168 | Tar:1    | Reached skill level 27 in Dodging
103838 | Tar:1    | Gained mutation: You expend magic power (3 MP) to strengthen your wands. [mutagenic glow]
104904 | Tar:2    | Reached skill level 15 in Evocations
107415 | Tar:6    | Gained mutation: You are frail (-10% HP). [mutagenic glow]
107690 | Tar:7    | Entered Level 7 of Tartarus
108512 | Tar:7    | Gained mutation: Armour fits poorly on your strangely shaped body. [mutagenic glow]
108536 | Tar:7    | Noticed Ereshkigal
108567 | Tar:7    | Killed Ereshkigal
108588 | Tar:7    | Got a bone rune of Zot
109407 | Tar:7    | Lost intelligence.
109897 | Hell     | Found a gateway to the freezing wastes of Cocytus.
109956 | Coc:1    | Entered Level 1 of Cocytus
110399 | Coc:2    | Lost intelligence.
110683 | Coc:3    | Lost intelligence.
112060 | Coc:5    | Gained mutation: You are weak. (Str -2) [mutagenic glow]
112235 | Coc:7    | Entered Level 7 of Cocytus
112756 | Coc:7    | Got a crude zirconium amulet
112759 | Coc:7    | Identified the amulet of the Countless Songs {Harm *Drain rC+ Int+2 Stlth+} (You found it on level 7 of Cocytus)
113011 | Hell     | Found a gateway to the Iron City of Dis.
113088 | Dis:1    | Entered Level 1 of the Iron City of Dis
113841 | Dis:4    | Gained mutation: Your spells are a little easier to cast, but a little less powerful. [mutagenic glow]
113899 | Dis:4    | Gained mutation: You are very frail (-20% HP). [mutagenic glow]
114499 | Dis:7    | Entered Level 7 of the Iron City of Dis
114842 | Dis:7    | Noticed an iron giant
114867 | Dis:7    | Killed an iron giant
115118 | Dis:7    | Noticed an iron giant
115142 | Dis:7    | Killed an iron giant
115234 | Dis:7    | Noticed an iron giant
115244 | Dis:7    | HP: 1/159 [iron giant's throw (43)]
115341 | Dis:7    | Lost intelligence.
115377 | Dis:7    | Killed an iron giant
115743 | Dis:7    | Reached skill level 27 in Evocations
115743 | Dis:7    | Reached skill level 1 in Stealth
115788 | Dis:7    | Reached skill level 5 in Stealth
115803 | Dis:7    | Got a scorched granite ring
115806 | Dis:7    | Identified the ring of Tiucu {SustAt MR+ Int+4} (You took it off an iron imp on level 7 of the Iron City of Dis)
115830 | Dis:7    | Noticed an iron giant
115962 | Dis:7    | Killed an iron giant
116039 | Dis:7    | Reached skill level 10 in Stealth
116232 | Dis:7    | Noticed an iron giant
116285 | Dis:7    | Noticed an iron giant
116565 | Dis:7    | Killed an iron giant
116642 | Dis:7    | Killed an iron giant
116642 | Dis:7    | Reached skill level 15 in Stealth
116948 | Dis:7    | Noticed Dispater
116973 | Dis:7    | Noticed an iron giant
117645 | Dis:7    | Killed an iron giant
117805 | Dis:7    | Killed Dispater
117825 | Dis:7    | Got an iron rune of Zot
118038 | Hell     | Found a gateway to the ashen valley of Gehenna.
118889 | Coc:7    | Noticed Antaeus
118951 | Coc:7    | Killed Antaeus
118979 | Coc:7    | Got an icy rune of Zot
118983 | Coc:7    | Got a dazzling morningstar
119023 | Coc:7    | Identified the +5 morningstar "Guorir" {flame, +Blink rElec Str-4 Dex+5} (You found it on level 7 of Cocytus)
119074 | Coc:7    | Gained mutation: You are extremely frail (-30% HP). [mutagenic glow]
119208 | Geh:1    | Entered Level 1 of Gehenna
120525 | Geh:7    | Entered Level 7 of Gehenna
120658 | Geh:7    | Noticed the Serpent of Hell
120671 | Geh:7    | Killed the Serpent of Hell
122001 | Geh:7    | Noticed Asmodeus
122025 | Geh:7    | Killed Asmodeus
122108 | Geh:7    | Got an obsidian rune of Zot
122118 | Geh:7    | Reached skill level 27 in Stealth
122361 | Zot:1    | Entered Level 1 of the Realm of Zot
122593 | Zot:1    | Reached skill level 15 in Invocations
123742 | Zot:3    | Noticed an orb of fire
123747 | Zot:3    | Gained mutation: Scrolls take you longer to read. [an orb of fire]
123753 | Zot:3    | Gained mutation: Scrolls take you much longer to read. [an orb of fire]
123755 | Zot:3    | Gained mutation: You tend to lose your temper in combat. [an orb of fire]
123759 | Zot:3    | Killed an orb of fire
123764 | Zot:3    | Was placed under penance by the Shining One
123963 | Zot:5    | Entered Level 5 of the Realm of Zot
124078 | Zot:5    | Noticed an ancient lich
124096 | Zot:5    | Noticed an orb of fire
124119 | Zot:5    | Killed an ancient lich
124124 | Zot:5    | Gained mutation: You are very clumsy. (Dex -4) [an orb of fire]
124129 | Zot:5    | Killed an orb of fire
124190 | Zot:5    | Noticed an ancient lich
124209 | Zot:5    | Killed an ancient lich
124605 | Zot:5    | Noticed an orb of fire
124617 | Zot:5    | Killed an orb of fire
124624 | Zot:5    | Got the Orb of Zot
124830 | Zot:1    | Noticed Gogeunac the pandemonium lord
124847 | Zot:1    | Killed Gogeunac the pandemonium lord
125115 | Depths:1 | Was forgiven by the Shining One
125210 | D:12     | Noticed Veikog the pandemonium lord
125221 | D:12     | Killed Veikog the pandemonium lord
125249 | D:12     | Noticed Lon Raep the pandemonium lord
125265 | D:12     | Killed Lon Raep the pandemonium lord
125335 | D:11     | Noticed Vedih the pandemonium lord
125346 | D:11     | Killed Vedih the pandemonium lord
125721 | D:4      | Noticed Jagifyul the pandemonium lord
125729 | D:4      | Gained mutation: You are occasionally teleported next to monsters. [a neqoxec]
125732 | D:4      | Killed Jagifyul the pandemonium lord
125752 | D:4      | Gained mutation: You often lose your temper in combat. [a cacodemon]
125913 | D:$      | Escaped with the Orb!

Vault maps used:
D:1:      dpeg_arrival_tiny_k, minivault_23
D:2:      ecumenical_altar_1
D:3:      uniq_grinder, uniq_jessica
D:4:      minmay_temple_entry_statues_pillars, first_bread, serial_column_ruins,
          column_ruins_circle_small, column_ruins_open_tiny,
          column_ruins_corridor_dead_end, column_ruins_grid_1,
          column_ruins_grid_1, column_ruins_corridor_straight,
          lemuel_statue_altar
D:5:      enter_ossuary_5, nemelex_spade_bored_becter, uniq_menkaure
D:6:      gammafunk_temple_overflow_wave
D:7:      grunt_ogre_cave
D:8:      minmay_weird_star, basic_altar, minmay_bad_closet, uniq_joseph,
          uniq_erolcha
D:9:      serial_park_tiny_2, hangedman_abyss_or_decor_lesser_grid,
          serial_bayou_lake_a
D:10:     hiddenorc1_lemuel
D:11:     dpeg_oklobed_lair, corexii_leaking_fountain, uniq_urug, uniq_gastronok
D:12:     minmay_ornate_pinched, serial_shops, shop, enter_trove_3
D:13:     minmay_unpleasant_kobolds
D:14:     grunt_vaults_entry_tiered, minmay_misc_feat_roman, spider_trap,
          kennysheep_pointless_box
D:15:     grunt_enter_depths_magical_seal, minmay_misc_feat_cross, serial_shops,
          shop, shop, shop_statue
Temple:   grunt_circular_temple_18
Lair:1:   lemuel_ratsnest, st_stairs_13
Lair:3:   minmay_snake_entry_spellcaster, grunt_megastairs_3
Lair:4:   beast_lair_carwin_large_2, elwin_shoals_entry_rooms
Lair:5:   lab_entry_generic, kilobyte_rumbling_trees, lemuel_fruit_tree
Lair:7:   minmay_slime_entry_jelly_boxes
Lair:8:   evil_forest
Shoals:2: cheibrodos_shoals_oceanic_diplomacy
Shoals:4: shoals_end_hangedman, shoals_ilsuiw_ice, serial_shops,
          nicolae_shop_competitors_out_of_business,
          nicolae_shop_overgrown_old_shop, nicolae_shoals_mertower
Snake:1:  uniq_azrael, uniq_aizul, uniq_josephine
Snake:2:  basic_altar, st_stairs_5
Snake:3:  serial_bayou_shore_a, uniq_donald, uniq_kirke, uniq_vashnia
Snake:4:  snake_pit_salamanders_mu, portal_ice_cave_entry_ice_beasts,
          nicolae_snake_shapes, uniq_roxanne
Slime:4:  nicolae_slime_phagocytosis
Orc:2:    st_orc_congregation, basic_altar
Elf:1:    eino_elf_arrival_the_gate, orc_legates, grunt_megastairs_4
Elf:2:    serial_shops, nicolae_shop_behind_doors, shop, shop,
          nicolae_shop_trees, nicolae_shop_trees, basic_altar,
          grunt_ministairs_14
Elf:3:    nooodl_elf_gasket, serial_shops, shop
Vaults:1: hangedman_vaults_nodes, v_misc_26, hangedman_vaults_unwind, v_misc_28,
          ontoclasm_vaults_twist, ontoclasm_vaults_eye,
          nicolae_vaults_statue_guard, nicolae_vaults_asterisk,
          vaults_dpeg_diagonal, hangedman_vaults_stagger,
          vaults_room_mumra_shop_pool, hangedman_vaults_stretched_pinwheel,
          serial_shops, shop
Vaults:2: ontoclasm_vaults_ring_large, minmay_crypt_entry_simple_sparse,
          ontoclasm_vaults_decontamination, vaults_mumra_hexcomb,
          nicolae_vaults_display_case, hangedman_vaults_slither, v_misc_2,
          vaults_room_door_ring, v_rooms_3, ontoclasm_vaults_fault,
          nicolae_vaults_stairing_the_circle, nicolae_vaults_puzzle_piece,
          vaults_room_octagon, grunt_vaults_bifocal
Vaults:3: vaults_room_door_hall, vaults_room_corners,
          ontoclasm_vaults_ring_small, v_misc_25, v_misc_19,
          vaults_mumra_minichess_inversion, serial_shops, shop,
          nicolae_shop_overgrown_old_shop, uniq_jorgrun
Vaults:4: hangedman_vaults_nails, hangedman_vaults_maws, special_room_vaults,
          v_rooms_2, hangedman_vaults_corner, v_misc_11, nicolae_vaults_theta,
          vaults_room_grunt_arrival_ludios, v_misc_14,
          nicolae_vaults_diagonal_hallway_7, vaults_room_hallway, uniq_mennas,
          uniq_saint_roka
Vaults:5: uniq_sojobo
Crypt:1:  due_chaos_kobolds, grunt_ministairs_2, uniq_khufu
Crypt:3:  quadcrypt_mu
Depths:1: enter_ziggurat_f, hell_entry, kennysheep_decorative_pillar,
          minmay_stone_trees_small, item_on_display_a
Depths:2: nrook_guardian_serpent_snake_passage,
          nicolae_abyss_entry_one_way_or_another, rand_demon_pan_entry_5,
          hell_entry, hangedman_abyss_or_decor_stagger,
          infiniplex_staircase_spiral
Depths:3: onia_ninara_swampy_vault, pan_entry, hell_entry, abyss_entry,
          infiniplex_staircase_zigzag_1, uniq_xtahua, uniq_norris
Depths:4: minmay_skeletal_surprise, infiniplex_enter_wizlab_spiral,
          abyss_entry_flame_altar, hellmouth_1, serial_shops, bzr_entry_road,
          serial_bayou_shore_b, minmay_staircase_statues, serial_bayou_shore_b
Depths:5: evilmike_zot_entry_round, hell_entry, minmay_misc_feat_plants,
          serial_sigils_hangedman_stare, hangedman_stitches_earthworm
Dis:7:    iron_city_of_dis
Geh:1:    evilmike_ambush
Geh:2:    special_room
Geh:4:    nicolae_geh_sunburst
Geh:7:    geh_hangedman
Coc:7:    coc_grunt
Tar:1:    nicolae_tar_cuneiform_sun
Tar:3:    grunt_megastairs_1
Tar:4:    grunt_megastairs_2
Tar:5:    nicolae_tar_cuneiform_two, nicolae_tar_cuneiform_oil, lemuel_elevator
Tar:6:    lemuel_elevator
Tar:7:    tar_mu
Zot:2:    st_stairs_12
Zot:3:    hangedman_zot_diagonal_lockstep
Zot:4:    grunt_deathspiral_small, lemuel_elevator
Zot:5:    kennysheep_underground_church
Abyss:2:  hangedman_relentless_pull, kilobyte_mutagenic_chamber,
          serial_sigils_hangedman_quiver
Abyss:3:  evilmike_abyss_rune_elephants
Abyss:4:  abyss_fake_exit, kb_abyss_rune_zappy, evilmike_abyss_exit_11,
          minivault_22
Abyss:5:  evilmike_abyss_exit_7, evilmike_abyss_rune_shrine,
          evilmike_abyss_exit_plants, guppyfry_abyss_exit_imp_island
Pan:      evilmike_mini_pan_pillars_b, lemuel_hellion_island,
          nicolae_pan_cerebovesque_4, evilmike_mini_pan_thingy,
          grunt_pan_spiral, nicolae_pan_sigil_uleosi,
          nicolae_pan_cerebovesque_1, rand_demon_6, grunt_pan_zigzag,
          nicolae_pan_gloorx_vloqian_2, evilmike_mini_pan_doors,
          pan_blood_fountain_small, pan_surprise, nicolae_pan_sigil_obb,
          lemuel_draining_boxes, evilmike_mini_pan_doors_b, rand_demon_1,
          gloorx_vloq_grunt_torture_chamber, pan_blood_fountain,
          grunt_pan_zigzag, reaverb_pan_chaos_star, rand_demon_3, rand_demon_4,
          evilmike_mini_pan_doors, evilmike_mini_pan_doors_b, lom_lobon,
          rand_demon_8, pan_blood_fountain, nicolae_pan_cerebovesque_2,
          evilmike_mini_pan_pillars_b, nicolae_pan_giant_door, rand_demon_5,
          evilmike_mini_pan_possible_glass, nicolae_pan_sigil_itan,
          rand_demon_6, pan_blood_fountain_small, pan_blood_fountain_2,
          nicolae_pan_lom_lobonic_3, cerebov_grunt_fire_and_steel,
          pan_blood_fountain_small, nicolae_pan_lom_lobonic_2,
          lemuel_hall_of_pain, rand_demon_2, evilmike_mnoleg_eyes
Zig:5:    ziggurat_pillar_centre_oklobs
Zig:9:    ziggurat_loot_2
Zig:10:   ziggurat_pillar_centre_dead_trees
Zig:12:   ziggurat_loot_2
Lab:      labyrinth_green, nicolae_lab_checkerboard
Trove:    trove_alchemists_storehouse
WizLab:   wizlab_wucad

Action                   |  1- 3 |  4- 6 |  7- 9 | 10-12 | 13-15 | 16-18 | 19-21 | 22-24 | 25-27 || total
-------------------------+-------+-------+-------+-------+-------+-------+-------+-------+-------++-------
Melee: Flail             |    99 |   146 |   261 |       |       |       |       |       |       ||   506
       Morningstar       |       |       |   251 |   271 |       |       |       |       |       ||   522
       Eveningstar       |       |       |       |   846 |  1621 |   808 |       |       |   717 ||  3992
       Demon whip        |       |       |       |       |       |  1143 |  2424 |  2687 |  1271 ||  7525
       Sacred scourge    |       |       |       |       |       |       |       |       | 14993 || 14993
Invok: Heroism           |       |       |       |    10 |     9 |     8 |     9 |    10 |     3 ||    49
       Finesse           |       |       |       |       |     3 |     1 |     4 |     1 |     2 ||    11
       Cleansing Flame   |       |       |       |       |       |       |       |       |    81 ||    81
       Summon Divine War |       |       |       |       |       |       |       |       |    59 ||    59
       Divine Shield     |       |       |       |       |       |       |       |       |    16 ||    16
       Brand Weapon With |       |       |       |       |       |       |       |       |     1 ||     1
 Abil: Fly               |       |       |       |       |     1 |       |       |       |       ||     1
       Evoke Blink       |       |       |       |       |       |       |       |       |     6 ||     6
       Blink             |       |       |       |       |       |       |       |       |     1 ||     1
       Evoke Invisibilit |       |       |       |       |       |       |       |       |     1 ||     1
Evoke: Wand              |       |       |       |       |       |       |       |     4 |    80 ||    84
       Lamp of fire      |       |       |       |       |       |       |       |       |     2 ||     2
       Fan of gales      |       |       |       |       |       |       |       |       |     1 ||     1
       Disc of storms    |       |       |       |       |       |       |       |       |     1 ||     1
       Phantom mirror    |       |       |       |       |       |       |       |       |     1 ||     1
  Use: Scroll            |     3 |     5 |     8 |    15 |     5 |    17 |     7 |    16 |    95 ||   171
       Potion            |       |     2 |     2 |     8 |     3 |     7 |    11 |     9 |   100 ||   142
 Stab: Invisible         |       |       |       |     1 |       |       |       |       |       ||     1
       Petrified         |       |       |       |       |     3 |       |       |       |     3 ||     6
       Petrifying        |       |       |       |       |     1 |       |       |       |     2 ||     3
       Confused          |       |       |       |       |       |       |       |     3 |       ||     3
       Distracted        |       |       |       |       |       |       |       |       |     2 ||     2
       Sleeping          |       |       |       |       |       |       |       |       |     1 ||     1
  Eat: Chunk             |       |     4 |    13 |    17 |    12 |    11 |     6 |    14 |     4 ||    81
       Bread ration      |       |       |       |     2 |     5 |     1 |     3 |     1 |    18 ||    30
       Fruit             |       |       |       |       |       |    24 |       |     3 |    27 ||    54
       Meat ration       |       |       |       |       |       |     1 |     2 |     2 |    28 ||    33
       Beef jerky        |       |       |       |       |       |       |     3 |     6 |    17 ||    26
       Royal jelly       |       |       |       |       |       |       |     2 |       |     2 ||     4
       Pizza             |       |       |       |       |       |       |       |       |    12 ||    12
